Match 45832043
Unlisted

Match 45832043
End
Construct Infanterie Kompanie
Pioneer Squad
Grenadier Squad
MG 42 Machine Gun Team
Grenadier Squad
Grenadier Squad
Infanterie Officer Quarters
Construct Luftwaffe Kompanie
Jäger Squad
Selects Breakthrough Battlegroup
Selects Assault Grenadiers
Selects Breakthrough
Selects Mechanized Assault Group
Mechanized Assault Group
Support Elements
Marder III M Tank Destroyer
Jäger Squad
Selects Rapid Production
Selects Blitzkrieg
Selects Panzer IV Command Tank Sd.Kfz. 161/1
Panzer IV Command Tank
Wirbelwind Flakpanzer
Marder III M Tank Destroyer
Ra11
Stormless
Skeng.Tecnica.International
Rather Splendid Cromwell
0
0

Comments sign in to comment!

No comments posted yet!